 Dungeon Crawl Stone Soup version 0.22-a0-542-gce4f928 (webtiles) character file.

34 iamserjio the Charmwright (level 3, 3/31 HPs)
             Began as a Gnoll Skald on June 24, 2018.
             Quit the game on level 3 of the Dungeon.
             The game lasted 00:02:07 (222 turns).

iamserjio the Charmwright (Gnoll Skald)              Turns: 222, Time: 00:02:08

Health: 3/31       AC:  3    Str: 13    XL:     3   Next: 31%
Magic:  0/9        EV: 14    Int: 16    God:
Gold:   82         SH:  0    Dex: 14    Spells: 1/12 levels left

rFire    . . .     SeeInvis .   a - +0 hand axe
rCold    . . .     Gourm    .   (no shield)
rNeg     . . .     Faith    .   b - +0 leather armour
rPois    .         Spirit   .   (no helmet)
rElec    .         Reflect  .   (no cloak)
rCorr    .         Harm     .   (no gloves)
MR       .....                  (no boots)
Stlth    +.........             (no amulet)
HPRegen  0.10/turn              (no ring)
MPRegen  0.11/turn              (no ring)

@: lethally poisoned (3 -> 0), very slightly contaminated
A: distributed training, fangs 1, strong nose
a: no special abilities


You were on level 3 of the Dungeon.
You were not hungry.

You visited 1 branch of the dungeon, and saw 3 of its levels.

You collected 82 gold pieces.

Inventory:

Hand Weapons
 a - a +0 hand axe (weapon)
Armour
 b - a +0 leather armour (worn)
 g - a +0 pair of boots
Scrolls
 c - a scroll of magic mapping {unknown}
 e - a scroll of enchant armour {unknown}
 f - a scroll of identify {unknown}
Comestibles
 d - a ration


   Skills:
 + Level 4.5 Fighting
 + Level 0.7 Short Blades
 + Level 0.7 Long Blades
 + Level 4.5 Axes
 + Level 0.7 Maces & Flails
 + Level 0.7 Polearms
 + Level 0.7 Staves
 + Level 0.7 Slings
 + Level 0.7 Bows
 + Level 0.7 Crossbows
 + Level 0.7 Throwing
 + Level 2.6 Armour
 + Level 4.5 Dodging
 + Level 0.7 Stealth
 + Level 0.7 Shields
 + Level 0.7 Unarmed Combat
 + Level 5.0 Spellcasting
 + Level 0.5 Conjurations
 + Level 0.5 Hexes
 + Level 5.4 Charms
 + Level 0.5 Summonings
 + Level 0.5 Necromancy
 + Level 0.5 Translocations
 + Level 0.5 Transmutations
 + Level 0.5 Fire Magic
 + Level 0.5 Ice Magic
 + Level 0.5 Air Magic
 + Level 0.5 Earth Magic
 + Level 0.5 Poison Magic
 + Level 0.9 Invocations
 + Level 0.7 Evocations


You had one spell level left.
You knew the following spells:

 Your Spells              Type           Power        Failure   Level  Hunger
a - Infusion              Chrm           ###.         1%          1    None
b - Song of Slaying       Chrm           ###.....     3%          2    #......
c - Shroud of Golubria    Chrm/Tloc      ##........   9%          2    #......
d - Regeneration          Chrm/Necr      ##........   17%         3    ###....
e - Spectral Weapon       Hex/Chrm       ##......     17%         3    ###....

Your spell library contained the following spells:

 Spells                   Type           Power        Failure   Level  Hunger


Dungeon Overview and Level Annotations

Branches:
Dungeon (3/15)

Altars:


Innate Abilities, Weirdness & Mutations

Your experience applies equally to all skills.
You have very sharp teeth.
Your uncanny sense of smell can sniff out nearby items.


Message History

You draw out your weapon's spirit!
The adder bites you but does no damage.
You barely miss the adder.
Your spectral weapon barely misses the adder.
The adder bites you.
* * * LOW HITPOINT WARNING * * *
The adder bites you.
* * * LOW HITPOINT WARNING * * *
You are poisoned.
The adder poisons you!
You closely miss the adder.
You feel sick.
Your spectral weapon barely misses the adder.
The adder closely misses you.
You barely miss the adder.
Your skin stops crawling.
Your spectral weapon hits the adder but does no damage.
The adder bites you.
* * * LOW HITPOINT WARNING * * *
You aren't carrying any potions.
Okay, then.
Are you sure you want to abandon this character and quit the game? (Confirm with "yes".)

....<..#.####.#.##.....
##.#####)#.............
#..†..................
####..................
#.............S....
#.................
#.............###
#.......#.#S#######
#.......#.#(@.....#
....................
....................
...................
....?....?........
................
...............
...............


You could see an adder and a friendly spectral hand axe.

Vanquished Creatures
  2 adders
  A leopard gecko (D:3)
  A giant cockroach (D:1)
  2 hobgoblins
  2 jackals (D:1)
  A frilled lizard (D:1)
  4 goblins
  A kobold (D:2)
  A rat (D:1)
15 creatures vanquished.

Notes
Turn   | Place    | Note
-------+----------+-------------------------------------------
     0 | D:1      | iamserjio the Gnoll Skald began the quest for the Orb.
     0 | D:1      | Reached XP level 1. HP: 20/20 MP: 6/6
    65 | D:1      | Reached XP level 2. HP: 23/26 MP: 0/7
    69 | D:1      | Learned a level 2 spell: Song of Slaying
   114 | D:2      | Learned a level 2 spell: Shroud of Golubria
   183 | D:3      | Reached skill level 5 in Spellcasting
   183 | D:3      | Reached XP level 3. HP: 9/31 MP: 5/9
   201 | D:3      | Learned a level 3 spell: Regeneration
   205 | D:3      | Learned a level 3 spell: Spectral Weapon
   222 | D:3      | Quit the game

Vault maps used:
D:1:      dpeg_arrival_castle
D:2:      first_ration
D:3:      chequers_ecumenical_altar_simple

Skill      XL: |  1  2 |
---------------+-------+-----
Spellcasting   | 5 |  5.0
Fighting       | |  4.5
Short Blades   | |  0.7
Long Blades    | |  0.7
Axes           | |  4.5
Maces & Flails | |  0.7
Polearms       | |  0.7
Staves         | |  0.7
Slings         | |  0.7
Bows           | |  0.7
Crossbows      | |  0.7
Throwing       | |  0.7
Armour         | |  2.6
Dodging        | |  4.5
Stealth        | |  0.7
Shields        | |  0.7
Unarmed Combat | |  0.7
Conjurations   | |  0.5
Hexes          | |  0.5
Charms         | |  5.4
Summonings     | |  0.5
Necromancy     | |  0.5
Translocations | |  0.5
Transmutations | |  0.5
Fire Magic     | |  0.5
Ice Magic      | |  0.5
Air Magic      | |  0.5
Earth Magic    | |  0.5
Poison Magic   | |  0.5
Invocations    | |  0.9
Evocations     | |  0.7

Action                   || total
-------------------------++-------
Melee: Hand axe          ||    43
       Punch             ||     1
       Bite              ||     1
 Cast: Infusion          ||     2
       Song of Slaying   ||     1
       Regeneration      ||     1
       Spectral Weapon   ||     1
Armor: Leather armour    ||     7
Dodge: Dodged            ||    28

Table legend:
 A = Spawn XP
 B = Non-spawn XP
 C = Spawn XP percentage of total XP
 D = Spawn monster count
 E = Non-spawn monster count
 F = Spawn count percentage of total count
 G = Total turns spent on level
                    A         B        C        D         E        F      G
               +---------+---------+-------+---------+---------+-------+---------
         Total |       0 |      49 |   0.0 |       0 |      15 |   0.0 |   222
               +---------+---------+-------+---------+---------+-------+---------
           D:1 |       0 |      14 |   0.0 |       0 |       9 |   0.0 |    92
           D:2 |       0 |      15 |   0.0 |       0 |       2 |   0.0 |    70
           D:3 |       0 |      20 |   0.0 |       0 |       4 |   0.0 |    60
               +---------+---------+-------+---------+---------+-------+---------
